Map: Rifts to Korhal

Players

Yuriprime

  • Race: Zerg Zerg
  • Spawn Location: 7:00

ViS

  • Race: Zerg Zerg

VOD

Have the link to the VOD?

Description

Time

  • Played on: Dec. 27, 2017, 5:04 a.m.
  • Length: 13:06
Show
View Real Time Build Order
Export as new Build Order

Yuriprime Zerg 

Build Orders:  

Get SALT Encoding   

  12  0:04  Drone  
  13  0:18  Overlord  
  13  0:26  Drone  
  14  0:47  Roach Warren  
  14  0:49  Drone  
  14  0:55  Drone  
  15  1:00  Drone  
  15  1:05  Drone  
  17  1:43  Spine Crawler  
  17  1:44  Drone  
  17  1:46  Spine Crawler  
  17  1:48  Drone, Spine Crawler  
  16  1:53  Drone  
  17  2:09  Drone x3  
  20  2:18  Drone x2  
  22  2:28  Overlord  
  22  2:57  Hatchery  
  21  3:03  Drone x2  
  23  3:17  Roach  
  25  3:20  Roach  
  27  3:32  Roach  
  27  3:34  Drone  
  30  3:46  Extractor  
  30  3:48  Drone x3, Extractor  
  31  3:53  Drone  
  32  4:06  Roach  
  32  4:09  Drone x3  
  26  4:10  Drone  
  35  4:15  Roach  
  36  4:27  Overlord  
  36  4:28  Overlord, Brutalisk  
  36  4:37  Brutalisk  
  36  4:53  Extractor  
  36  4:55  Drone x4  
  36  4:56  Extractor  
  38  5:24  Drone  
  38  5:25  Drone x7  
  38  5:26  Roach  
  46  5:48  Brutalisk  
  46  5:58  Lair  
  46  6:05  Drone  
  46  6:06  Drone x3  
  46  6:07  Drone  
  51  6:10  Drone  
  51  6:13  Overlord x2  
  52  6:50  Spire  
  52  6:51  Infestation Pit  
  50  7:23  Hive  
  50  7:25  Mutalisk x5  
  60  7:47  Drone  
  60  7:48  Drone x3  
  64  7:51  Overlord x4  
  64  7:52  Mutalisk x3  
  68  8:07  Sundering Glave  
  68  8:20  Leviathan  
  68  8:24  Mutalisk  
  68  8:45  Mutalisk  
  68  8:52  Leviathan  
  68  9:11  Mutalisk x4  
  68  9:12  Overlord x2, Mutalisk  
  68  9:13  Overlord x2, Leviathan  
  78  9:24  Mutalisk  
  80  9:35  Overlord  
  80  9:36  Overlord x2  
  80  9:37  Roach x6  
  92  9:58  Mutalisk x2  
  96  10:22  Mutalisk x2  
  100  10:48  Mutalisk x2  
  100  10:49  Roach  
  106  10:50  Roach x8  
  112  11:15  Mutalisk  
  112  11:16  Mutalisk  
  112  11:17  Roach x3  
  120  11:42  Mutalisk x2  
  122  12:09  Mutalisk x2  
Show
View Real Time Build Order
Export as new Build Order

ViS Zerg 

Build Orders:  

Get SALT Encoding   

  18  0:03  Primal Drone  
  19  0:13  Primal Drone  
  19  0:19  Primal Drone  
  21  0:25  Primal Drone  
  22  0:33  Primal Drone  
  23  0:41  Extractor  
  23  0:49  Primal Drone  
  25  1:10  Primal Warden  
  25  1:13  Primal Drone  
  26  1:41  Primal Drone x2  
  28  1:56  Primal Drone  
  29  2:24  Primal Drone  
  29  2:27  Primal Zergling  
  31  2:31  Glevig's Den  
  30  2:47  Primal Drone x2  
  32  2:58  Primal Drone  
  33  3:15  Primal Drone  
  33  3:17  Primal Zergling x4  
  38  3:24  Primal Hive  
  43  3:36  Primal Drone  
  43  3:39  Primal Zergling  
  40  3:57  Primal Drone  
  41  4:07  Primal Drone  
  42  4:26  Primal Drone  
  43  4:34  Murvar's Den  
  42  4:40  Primal Drone  
  43  5:13  Primal Drone x2  
  45  5:25  Primal Hive  
  45  5:53  Primal Drone x2  
  45  5:54  Primal Drone  
  45  5:58  Primal Drone x5  
  53  6:03  Primal Warden  
  57  6:32  Primal Warden x2  
  57  6:37  Primal Warden  
  57  6:38  Primal Warden  
  57  6:49  Primal Drone x4  
  61  6:50  Primal Drone x2, Primal Zergling  
  61  6:54  Primal Zergling x4  
  68  7:20  Primal Zergling  
  68  7:27  Primal Drone x4  
  68  7:28  Primal Attacks Level 1  
  73  7:45  Primal Zergling  
  73  7:46  Primal Zergling x5  
  79  8:14  Primal Drone  
  79  8:15  Primal Drone x5  
  79  8:19  Primal Zergling x2  
  87  8:20  Primal Zergling x9  
  96  8:46  Primal Drone x3  
  96  8:47  Primal Zergling x3  
  96  8:48  Primal Zergling x6  
  108  9:16  Primal Drone  
  108  9:17  Primal Drone x3  
  112  9:21  Primal Zergling  
  112  9:22  Primal Zergling x9  
  112  9:29  Primal Zergling  
  123  9:30  Primal Zergling x3  
  119  10:18  Primal Zergling  
  119  10:19  Primal Zergling x9  
  112  10:20  Primal Zergling x6  
  109  10:32  Primal Zergling x3  
  109  10:34  Primal Zergling  
  108  10:42  Primal Zergling  
  108  10:47  Primal Drone x3  
  109  11:01  Primal Zergling  
  109  11:02  Primal Zergling x6  
  111  11:52  Primal Zergling x4  
  111  11:53  Primal Zergling x6  
  111  11:54  Primal Zergling x5  
  119  12:35  Primal Zergling  
  119  12:36  Primal Zergling x14  
Tags
 
Add a new tag
Caveats
  • Supply blocks, unpowered buildings, or Contaminate may cause inaccurate times.
  • Supply counts are checked every 10 seconds.